 Dungeon Crawl Stone Soup version 0.22-a0-596-gfbd32a6 (webtiles) character file.

172 iamserjio the Chopper (level 5, 0/42 HPs)
             Began as a Demonspawn Berserker on July 5, 2018.
             Was a Follower of Trog.
             Slain by a gnoll
             ... wielding a +0 halberd
              (1 damage)
             ... on level 2 of the Dungeon.
             The game lasted 00:01:29 (159 turns).

iamserjio the Chopper (Demonspawn Berserker)         Turns: 159, Time: 00:01:29

Health: 0/42       AC:  5    Str: 18    XL:     5   Next: 27%
Magic:  0/5        EV: 11    Int:  9    God:    Trog [*.....]
Gold:   46         SH:  0    Dex: 12    Spells: 4/4 levels left

rFire    . . .     SeeInvis .   a - +0 hand axe
rCold    . . .     Gourm    .   (no shield)
rNeg     . . .     Faith    .   f - +0 ring mail
rPois    .         Spirit   +   (no helmet)
rElec    .         Reflect  .   (no cloak)
rCorr    .         Harm     .   (no gloves)
MR       .....                  (no boots)
Stlth    +.........             (no amulet)
HPRegen  0.14/turn              (no ring)
MPRegen  0.09/turn              (no ring)

@: berserk cooldown, slowed, very slow
A: foul stench 1, magic shield, rot immunity
a: Berserk, Renounce Religion


You were on level 2 of the Dungeon.
You worshipped Trog.
Trog was aware of your devotion.
You were not hungry.

You visited 1 branch of the dungeon, and saw 2 of its levels.

You collected 46 gold pieces.

Inventory:

Hand Weapons
 a - a +0 hand axe (weapon)
Armour
 b - a +0 animal skin
 f - a +0 ring mail (worn)
 g - a +0 plate armour
Scrolls
 e - a scroll of blinking {unknown}
Comestibles
 c - 3 rations
 d - 3 chunks of flesh


   Skills:
 + Level 3.9 Fighting
 * Level 4.3 Axes
 + Level 2.9 Armour
 - Level 1.7 Dodging


You had 4 spell levels left.
You didn't know any spells.
Your spell library was empty.

Dungeon Overview and Level Annotations

Branches:
Dungeon (2/15)

Altars:


Innate Abilities, Weirdness & Mutations

You may emit foul miasma when damaged in melee.
When hurt, damage is shared between your health and your magic reserves.
You are immune to rotting.


Message History

Your demonic ancestry asserts itself...
You feel your magical essence form a protective shroud around your flesh.
You feel a bit more experienced.
The gnoll throws a stone.
The stone hits you but does no damage.
You are too berserk!
Unknown command.
You are no longer berserk.
You pass out from exhaustion.
You feel yourself slow down.
The gnoll throws a stone.
The stone hits you.
* * * LOW HITPOINT WARNING * * *
The gnoll throws a stone.
The stone hits you.
* * * LOW HITPOINT WARNING * * *
The gnoll throws a stone.
The stone hits you but does no damage.
You can move again.
Things that are here:
2 stones; 7 gold pieces You aren't carrying any potions.
The gnoll hits you from afar with a halberd.
You die...

#.# #.#
#####.########
#....<.†.....#
#.##.......#.# #
#.##...###.# #.
##.##.#####...
#.###.............#
##.@)(......###.#.#
#g..(.............#
#.######.........#
. # ..###.[.###..#
#. ##.####..# ..#
.. .. ........# ..
..#.##.#.# #.#
#.#.##<#.# .#
##.#.##.#.###.##


You could see a gnoll.

Vanquished Creatures
  Sigmund (D:2)
  A dart slug (D:2)
  A leopard gecko (D:1)
  A giant cockroach (D:1)
  3 hobgoblins (D:1)
  A quokka (D:2)
  2 bats (D:1)
  A frilled lizard (D:2)
  2 kobolds (D:1)
13 creatures vanquished.

Notes
Turn   | Place    | Note
-------+----------+-------------------------------------------
     0 | D:1      | iamserjio the Demonspawn Berserker began the quest for the Orb.
     0 | D:1      | Reached XP level 1. HP: 18/18 MP: 1/1
    85 | D:1      | Reached skill level 3 in Axes
    87 | D:1      | Gained mutation: You are immune to rotting. [demonic ancestry]
    87 | D:1      | Reached XP level 2. HP: 24/24 MP: 2/2
   137 | D:2      | Noticed Sigmund
   145 | D:2      | HP: 1/36 [something (6)]
   154 | D:2      | Killed Sigmund
   154 | D:2      | Reached skill level 4 in Axes
   154 | D:2      | Gained mutation: You may emit foul miasma when damaged in melee. [demonic ancestry]
   154 | D:2      | Reached XP level 3. HP: 3/30 MP: 3/3
   154 | D:2      | Reached XP level 4. HP: 4/37 MP: 4/4
   154 | D:2      | Gained mutation: When hurt, damage is shared between your health and your magic reserves. [demonic ancestry]
   154 | D:2      | Reached XP level 5. HP: 4/42 MP: 5/5
   156 | D:2      | HP: 2/42 [gnoll/stone (2)]
   159 | D:2      | Slain by a gnoll

Vault maps used:
D:1:      dpeg_arrival_water_altar
D:2:      first_ration, uniq_sigmund

Skill      XL: |  1  2 |
---------------+-------+-----
Axes           | 3 4 |  4.3
Armour         | 2 |  2.9
Fighting       | |  3.9
Dodging        | |  1.7

Action                   |  1- 3 |  4- 6 || total
-------------------------+-------+-------++-------
Melee: Hand axe          |    42 |       ||    42
Invok: Berserk           |     2 |       ||     2
Armor: Animal skin       |     5 |       ||     5
       Ring mail         |     5 |     1 ||     6
Dodge: Dodged            |    24 |       ||    24

Table legend:
 A = Spawn XP
 B = Non-spawn XP
 C = Spawn XP percentage of total XP
 D = Spawn monster count
 E = Non-spawn monster count
 F = Spawn count percentage of total count
 G = Total turns spent on level
                    A         B        C        D         E        F      G
               +---------+---------+-------+---------+---------+-------+---------
         Total |       0 |     246 |   0.0 |       0 |      13 |   0.0 |   159
               +---------+---------+-------+---------+---------+-------+---------
           D:1 |       0 |      16 |   0.0 |       0 |       9 |   0.0 |    84
           D:2 |       0 |     230 |   0.0 |       0 |       4 |   0.0 |    75
               +---------+---------+-------+---------+---------+-------+---------
